 Dungeon Crawl Stone Soup version 0.30.0 (webtiles) character file.

Game seed: 11445191327504640713

34838 PublicAnimeNo1 the Unseen (level 12, -4/123 (126) HPs)
             Began as a Naga Enchanter on May 15, 2023.
             Was a High Priest of Ru.
             Slain by a death yak (13 damage)
             ... on level 2 of the Lair of Beasts.
             The game lasted 01:01:01 (16318 turns).

PublicAnimeNo1 the Unseen (Naga Enchanter)         Turns: 16318, Time: 01:01:01

HP:   -4/123 (126)  AC: 13    Str: 14 (15) XL:     12   Next: 80%
MP:   23/33         EV:  8    Int: 30      God:    Ru [*****.]
Gold: 2669          SH:  5    Dex: 10      Spells: 11/27 levels left

rFire   + + +        D - +8 short sword "Gidis" {freeze, Fragile rN+ rCorr Str+5 Int+3}
rCold   + + +        (shield unavailable)
rNeg    + . .        B - +0 robe "Hoezaim" {rF++ rC+++ rCorr Dex-2}
rPois   +            p - +2 helmet
rElec   .            i - +0 cloak
rCorr   +            H - +0 pair of gloves
SInv    +            j - -1 barding of Vehumet's Outrage {rPois rF+ MP+9 Stlth+}
Will    +....        w - amulet of reflection
Stlth   +++++++      (ring unavailable)
HPRegen 0.40/turn    C - +6 ring of intelligence
MPRegen 0.23/turn

%: reflection
@: exhausted, lightly drained, very slow
A: AC +4, large, see invisible, deformed body, poison resistance, slowness 2,
spit poison 1, missing a hand, inability to train armour, inexperienced 1, naga
tail 1, robust 1
a: Spit Poison, Renounce Religion, Draw Out Power, Power Leap, Apocalypse


You were on level 2 of the Lair of Beasts.
You worshipped Ru.
Ru was extremely pleased with you.
You visited 2 branches of the dungeon, and saw 14 of its levels.
You also visited: Sewer, Bailey and Ice Cave.

You collected 2669 gold pieces.

Inventory:

Hand Weapons
 c - a +2 double sword of freezing
 D - the +8 short sword "Gidis" (weapon) {freeze, Fragile rN+ rCorr Str+5 Int+3}
   (You acquired it on level 9 of the Dungeon)

   Str:       It affects your strength (+5).
   Int:       It affects your intelligence (+3).
   rN:        It protects you from negative energy.
   rCorr:     It protects you from acid and corrosion.
   Fragile:   It will be destroyed if unequipped.
Missiles
 o - 3 throwing nets
Armour
 i - a +0 cloak (worn)
 j - the -1 barding of Vehumet's Outrage (worn) {rPois rF+ MP+9 Stlth+}
   (You acquired it in a bailey)

   rF:        It protects you from fire.
   rPois:     It protects you from poison.
   MP:        It affects your magic capacity (+9).
   Stlth:     It makes you more stealthy.
 k - the +0 robe of the Blessed Realm {rElec MP+9}
   (You found it on level 5 of the Dungeon)

   rElec:     It insulates you from electricity.
   MP:        It affects your magic capacity (+9).
 p - a +2 helmet (worn)
 B - the +0 robe "Hoezaim" (worn) {rF++ rC+++ rCorr Dex-2}
   (You found it in a bailey)

   Dex:       It affects your dexterity (-2).
   rF:        It greatly protects you from fire.
   rC:        It renders you almost immune to cold.
   rCorr:     It protects you from acid and corrosion.
 H - a +0 pair of gloves (worn)
Jewellery
 a - a ring of protection from cold
 h - a +5 ring of evasion
 n - a ring of willpower
 w - an amulet of reflection (around neck)
 C - a +6 ring of intelligence (right hand)
Wands
 d - a wand of paralysis (14)
 A - a wand of roots (8)
Scrolls
 e - a scroll of identify
 m - 6 scrolls of teleportation
 u - 2 scrolls of fog
 y - a scroll of fear
 E - 2 scrolls of poison
 G - a scroll of magic mapping
 I - 2 scrolls of acquirement
 J - a scroll of enchant armour
Potions
 b - 3 potions of cancellation
 f - 6 potions of mutation
 g - 3 potions of curing
 l - a potion of berserk rage
 q - a potion of lignification
 r - 2 potions of resistance
 s - a potion of brilliance
 t - 2 potions of might
 v - 3 potions of heal wounds
 x - 4 potions of ambrosia
 K - 2 potions of attraction {unknown}


   Skills:
 + Level 9.5 Fighting
 - Level 10.0 Short Blades
 + Level 3.6 Dodging
 + Level 16.0 Stealth
 + Level 8.2 Spellcasting
 - Level 4.4 Conjurations
 + Level 11.7 Hexes
 - Level 3.0 Ice Magic
 - Level 5.5 Evocations


You had 11 spell levels left.
You knew the following spells:

 Your Spells              Type           Power      Damage    Failure   Level
a - Ensorcelled Hibernat  Hex/Ice        100%       N/A       1%          2
b - Confusing Touch       Hex            70%        N/A       1%          3
c - Tukima's Dance        Hex            70%        N/A       1%          3
d - Dazzling Flash        Conj/Hex       100%       N/A       1%          3
e - Silence               Hex/Air        23%        N/A       11%         5

Your spell library contained the following spells:

 Spells                   Type           Power      Damage    Failure   Level
 Slow                     Hex            100%       N/A       1%          1
 Portal Projectile        Hex/Tloc       94%        N/A       1%          3
 Static Discharge         Conj/Air       50%        2-5/arc   2%          2
 Leda's Liquefaction      Hex/Erth       23%        N/A       3%          4
 Beastly Appendage        Tmut           24%        N/A       4%          1
 Sandblast                Erth           24%        2d8       4%          1
 Stone Arrow              Conj/Erth      50%        3d10      4%          3
 Passwall                 Tmut/Erth      10%        N/A       6%          2
 Wereblood                Tmut           12%        N/A       6%          2
 Call Canine Familiar     Summ           12%        N/A       13%         3
 Spider Form              Tmut/Pois      12%        N/A       13%         3
 Vampiric Draining        Necr           12%        2d6       13%         3
 Vhi's Electric Charge    Tloc/Air       24%        N/A       13%         3
 Airstrike                Air            6%         2d(1-17)  38%         4
 Olgreb's Toxic Radiance  Pois           12%        N/A       38%         4
 Passage of Golubria      Tloc           12%        N/A       38%         4
 Summon Lightning Spire   Summ/Air       12%        N/A       38%         4
 Arcjolt                  Conj/Air       12%        1d22      43%         5
 Summon Forest            Summ/Tloc      6%         N/A       75%         5
 Discord                  Hex            35%        N/A       92%         8
 Eringya's Noxious Bog    Tmut/Pois      6%         N/A       100%        6
 Plasma Beam              Fire/Air       6%         2x1d18    100%        6
 Summon Hydra             Summ           6%         N/A       100%        7
 Ignition                 Fire           6%         3d4       100%        8
 Lehudib's Crystal Spear  Conj/Erth      12%        10d4      100%        8


Dungeon Overview and Level Annotations

Branches:
Dungeon (12/15)            Temple (0/1) D:7            Lair (2/5) D:9
  Swamp (0/4) Lair:2          Orc (0/2) D:12          Sewer (visited)
 Bailey (visited)           IceCv (visited)
  Snake: Lair:2-3    Spider: Lair:2-3

Altars:
Ashenzari
Dithmenos
Fedhas
Gozag
Okawaru
Ru
Trog
Wu Jian
Xom
Zin
The Shining One

Shops:
D:7 :

Annotations:
D:3 3 runed translucent doors, ChinnyChinChin's ghost, amateur OpTm
D:9 4 exclusions, Erolcha
Lair:1 exclusion: door


Innate Abilities, Weirdness & Mutations

Your serpentine skin is tough. (AC +4)
You have supernaturally acute eyesight. (SInv)
Armour fits poorly on your strangely shaped body.
Your system is resistant to poisons. (rPois)
You cover ground very slowly.
You can spit poison.
You are missing a hand.
You cannot train Armour skill.
You are somewhat inexperienced. (-1 XL)
You have a snake-like lower body.
You are robust. (+10% HP)


Message History

The death yak barely misses you.
You puncture the elephant! You freeze the elephant.
The elephant is moderately wounded.
The grasping roots constrict the death yak.
You hit the elephant. You freeze the elephant.
The elephant is moderately wounded.
The grasping roots constrict the death yak.
The death yak stops glowing.
The roots release their grip on the death yak.
The death yak gores you!
* * * LOW HITPOINT WARNING * * *
You focus your inner power and blind the death yak in retribution!
Activating: Apocalypse
Press: ? - help, Dir - look around, f - activate You reveal the great annihilating truth to your foes!
You kill the elephant!
The death yak is paralysed by terrible understanding! x3
You kill the elephant!
The death yak is paralysed by terrible understanding!
You kill the death yak!
You feel drained.
You hear a croak. x2
You feel your dexterity returning.
The helpless death yak fails to defend itself.
You stick the death yak like a pincushion!!!!
You freeze the death yak!
You kill the death yak!
Your Stealth skill increases to level 16!
You block the death yak's attack. The death yak gores you!
* * * LOW HITPOINT WARNING * * *
You see here a death yak corpse.
The helpless death yak fails to defend itself.
You perforate the death yak like a sieve!!!!
You freeze the death yak!
You kill the death yak!
You feel your strength returning. The death yak attacks as you move away!
The death yak gores you!
* * * LOW HITPOINT WARNING * * *
The death yak gores you!
You die...

**,,,,,....#.......## #..
#.....,...#.........###..
*.....,...#.......<.#.#..
*#...",.................#
##....,,...........+.####
*.....,,,,#.........##
*#....,,,,#........##
#..#.######........#
*#.....≈@Y##....>..##
*#....≈#†YY.##....###
#.+#≈≈#≈†.#......###
*,...#≈..$#≈.......#**
#...≈.....#≈...##.+..#*
#.........#≈..#.......#***
#.....#####≈..#......+.,*,
#......≈≈≈≈≈..+?......,,,,
*..........Y.#.......#,***


You could see 3 death yaks.

Vanquished Creatures
  A reaper (IceCv)
  Snorg (D:11)
  2 hydras
  A catoblepas (Lair:2)
  3 death yaks (Lair:2)
  A two-headed ogre (D:11)
  A fire crab (Lair:1)
  3 orc knights (Bailey)
  2 ugly things
  An orc sorcerer (Bailey)
  2 cyclopes (D:12)
  6 elephants
  Maurice (D:8)
  A black mamba (Lair:1)
  4 cane toads
  2 ice statues (IceCv)
  A gargoyle (D:11)
  A torpor snail (Lair:1)
  A kobold demonologist (Bailey)
  A komodo dragon (Lair:1)
  An anaconda simulacrum (IceCv)
  4 rime drakes
  4 ice devils (IceCv)
  7 trolls
  A hornet (D:11)
  5 blink frogs (Lair:1)
  A wraith (D:11)
  A wyvern (D:7)
  Eustachio (D:6)
  48 yaks
  2 death yak simulacra (IceCv)
  Menkaure (D:6)
  A steam dragon (D:6)
  2 harpy simulacra (IceCv)
  5 water moccasins
  3 acid dragons
  A sky beast (D:6)
  4 ice beasts
  13 orc warriors
  2 black bears
  4 boggarts (D:12)
  A centaur (D:9)
  An ogre (D:7)
  A wolf (D:9)
  A phantom (D:5)
  4 kobold brigands
  5 bullfrogs
  A gnoll sergeant (D:7)
  4 necrophages (D:7)
  5 scorpions
  A two-headed ogre simulacrum (IceCv)
  2 cane toad simulacra (IceCv)
  8 wights (D:8)
  5 electric eels
  7 howler monkeys
  4 jellies
  2 centaur zombies (D:7)
  3 orc priests
  7 hounds
  Natasha (thrice) (D:2)
  Terence (D:2)
  11 orc wizards
  A sleepcap (D:5)
  8 iguanas
  Ijyb (D:3)
  2 troll simulacra (IceCv)
  3 spriggan simulacra (IceCv)
  10 gnolls
  14 adders
  6 river rats (Sewer)
  4 white imps
  4 ufetubi
  2 worms (D:4)
  3 dart slugs
  29 orcs
  4 endoplasms
  3 giant cockroaches
  19 goblins
  12 hobgoblins
  3 jackals
  2 quokkas
  9 ball pythons
  2 bats (D:1)
  6 frilled lizards
  39 kobolds
  21 rats
  A bush (D:7)
432 creatures vanquished.

Vanquished Creatures (collateral kills)
  A wight (D:8)
  A hound (D:5)
  An orc (D:5)
  A kobold (D:8)
4 creatures vanquished.

Vanquished Creatures (others)
  A yak (Lair:2)
  A harpy simulacrum (IceCv)
  A howler monkey (D:10)
  A troll simulacrum (IceCv)
  11 fungi
  19 plants
34 creatures vanquished.

Grand Total: 470 creatures vanquished

Notes
Turn   | Place    | Note
-------+----------+-------------------------------------------
     0 | D:1      | PublicAnimeNo1 the Naga Enchanter began the quest for the
                  | Orb.
     0 | D:1      | Reached XP level 1. HP: 15/15 MP: 3/3
   127 | D:1      | Reached XP level 2. HP: 14/24 MP: 5/5
   504 | D:1      | Learned a level 2 spell: Ensorcelled Hibernation
   693 | D:2      | Noticed Natasha
   814 | D:2      | Reached XP level 3. HP: 30/30 MP: 6/6
   965 | D:2      | Reached skill level 1 in Fighting
   990 | D:2      | Reached skill level 5 in Stealth
  1058 | D:2      | Reached XP level 4. HP: 19/38 MP: 7/7
  1145 | D:2      | Noticed Terence
  1193 | D:2      | Killed Natasha
  1205 | D:2      | Noticed Natasha
  1212 | D:2      | HP: 1/38 [cerulean imp/+0 spear[Natasha] (5)]
  1214 | D:2      | Killed Natasha
  1455 | D:2      | Learned a level 3 spell: Confusing Touch
  1478 | D:2      | Reached XP level 5. HP: 44/44 MP: 8/8
  1554 | D:2      | Killed Terence
  1634 | D:2      | Noticed Natasha
  1640 | D:2      | Killed Natasha
  1785 | D:3      | Reached skill level 5 in Fighting
  1785 | D:3      | Reached skill level 9 in Stealth
  1785 | D:3      | Reached XP level 6. HP: 61/61 MP: 9/9
  1806 | D:3      | Found a runed translucent gate.
  1806 | D:3      | Found a runed translucent gate.
  1806 | D:3      | Found a runed translucent gate.
  1806 | D:3      | Noticed ChinnyChinChin's ghost (amateur OpTm)
  1807 | D:3      | Noticed Ijyb
  1814 | D:3      | Killed Ijyb
  1981 | D:3      | Found a sacrificial altar of Ru.
  2155 | D:3      | Found an opulent altar of Gozag.
  2310 | D:3      | Found an iron altar of Okawaru.
  2436 | D:3      | Became a worshipper of Ru the Awakened
  2702 | D:4      | Found a shadowy altar of Dithmenos.
  2819 | D:3      | Learned a level 3 spell: Tukima's Dance
  2899 | D:3      | Reached XP level 7. HP: 57/67 MP: 2/10
  3372 | D:4      | Reached skill level 1 in Ice Magic
  3377 | D:4      | Reached skill level 1 in Evocations
  3861 | D:5      | Entered Level 5 of the Dungeon
  3937 | D:4      | Reached skill level 10 in Stealth
  3937 | D:4      | Reached XP level 8. HP: 39/74 MP: 1/11
  4128 | D:5      | Gained mutation: You cannot train Armour skill. [Ru
                  | sacrifice]
  4128 | D:5      | Reached * piety under Ru
  4166 | D:5      | Identified the +0 robe of the Blessed Realm {rElec MP+9}
  4275 | D:5      | Found a glowing silver altar of Zin.
  4422 | D:5      | Found a glowing golden altar of the Shining One.
  4734 | D:5      | Learned a level 3 spell: Dazzling Flash
  4791 | D:6      | Found a glowing drain.
  4791 | D:6      | Noticed Menkaure
  4797 | D:6      | Killed Menkaure
  4875 | Sewer    | Entered a sewer
  5051 | Sewer    | Reached XP level 9. HP: 81/81 MP: 13/13
  5690 | D:6      | Noticed Eustachio
  5697 | D:6      | Killed Eustachio
  6225 | D:7      | Gained mutation: You are somewhat inexperienced. (-1 XL)
                  | [Ru sacrifice]
  6225 | D:7      | Reached XP level 8. HP: 74/74 MP: 22/22
  6225 | D:7      | Reached ** piety under Ru
  6225 | D:7      | Reached *** piety under Ru
  6283 | D:7      | Found a blossoming altar of Fedhas.
  6319 | D:7      | Reached skill level 11 in Stealth
  6414 | D:7      | Reached skill level 1 in Conjurations
  6707 | D:7      | Reached XP level 9. HP: 81/81 MP: 14/14
  6828 | D:7      | Found Ziasesof's Book Emporium.
  6829 | D:7      | Gained mutation: You are vulnerable to cold. (rC-) [potion
                  | of mutation]
  6829 | D:7      | Gained mutation: You have an increased reservoir of magic.
                  | (+10% MP) [potion of mutation]
  6830 | D:7      | Lost mutation: You have an increased reservoir of magic.
                  | (+10% MP) [potion of mutation]
  6830 | D:7      | Lost mutation: You are vulnerable to cold. (rC-) [potion of
                  | mutation]
  6830 | D:7      | Gained mutation: You are partially covered in iridescent
                  | scales. (AC +2) [potion of mutation]
  6830 | D:7      | Gained mutation: You possess an exceptional clarity of
                  | mind. [potion of mutation]
  6847 | D:7      | Found a staircase to the Ecumenical Temple.
  7361 | D:8      | Found a shimmering altar of Xom.
  7706 | D:8      | Found an ornate altar of the Wu Jian Council.
  7778 | D:8      | Noticed Maurice
  7787 | D:8      | Killed Maurice
  7788 | D:8      | Reached skill level 12 in Stealth
  7813 | D:8      | Found a bloodstained altar of Trog.
  8050 | D:9      | Reached XP level 10. HP: 91/91 MP: 17/17
  8223 | D:9      | Gained mutation: You are missing a hand. [Ru sacrifice]
  8223 | D:9      | Reached **** piety under Ru
  8223 | D:9      | Reached ***** piety under Ru
  8274 | D:9      | Reached skill level 5 in Spellcasting
  8292 | D:9      | Found the +8 trishula "Condemnation" {holy, anguish, *Noise
                  | Fly rN+}
  8323 | D:9      | Found a flagged portal.
  8338 | Bailey   | Entered a bailey
  8632 | Bailey   | Noticed an orc knight
  8632 | Bailey   | Noticed an orc knight
  8636 | Bailey   | Killed an orc knight
  8637 | Bailey   | Reached skill level 5 in Evocations
  8678 | Bailey   | Killed an orc knight
  8787 | Bailey   | Noticed an orc sorcerer
  8827 | Bailey   | Lost mutation: You are partially covered in iridescent
                  | scales. (AC +2) [potion of mutation]
  8827 | Bailey   | Lost mutation: You possess an exceptional clarity of mind.
                  | [potion of mutation]
  8827 | Bailey   | Gained mutation: You are dopey. (Int -2) [potion of
                  | mutation]
  8828 | Bailey   | Lost mutation: You are dopey. (Int -2) [potion of mutation]
  8828 | Bailey   | Gained mutation: You occasionally lose the ability to read
                  | scrolls when taking damage. [potion of mutation]
  8828 | Bailey   | Gained mutation: You expend magic power (3 MP) to
                  | strengthen your wands. [potion of mutation]
  8828 | Bailey   | Gained mutation: You are dopey. (Int -2) [potion of
                  | mutation]
  8829 | Bailey   | Lost mutation: You expend magic power (3 MP) to strengthen
                  | your wands. [potion of mutation]
  8829 | Bailey   | Lost mutation: You occasionally lose the ability to read
                  | scrolls when taking damage. [potion of mutation]
  8829 | Bailey   | Lost mutation: You are dopey. (Int -2) [potion of mutation]
  8829 | Bailey   | Gained mutation: You are robust. (+10% HP) [potion of
                  | mutation]
  8847 | Bailey   | Acquired the -1 barding of Vehumet's Outrage {rPois rF+
                  | MP+9 Stlth+}
  9031 | Bailey   | Noticed an orc knight
  9036 | Bailey   | Killed an orc knight
  9214 | Bailey   | Killed an orc sorcerer
  9228 | Bailey   | Found an iron altar of Okawaru.
  9468 | Bailey   | Identified the +0 robe "Hoezaim" {rF++ rC+++ rCorr Dex-2}
  9537 | D:9      | Acquired the +8 short sword "Gidis" {freeze, Fragile rN+
                  | rCorr Str+5 Int+3}
  9553 | D:9      | Noticed Erolcha
  9554 | D:9      | Found a staircase to the Lair.
  9556 | D:9      | Reached skill level 13 in Stealth
  9674 | D:10     | Entered Level 10 of the Dungeon
 10081 | D:10     | Reached skill level 10 in Hexes
 10338 | D:10     | Found a broken altar of Ashenzari.
 10544 | D:11     | Identified the +4 flail "Giamaem" {holy, rCorr Str+7 Int-2}
 10716 | D:11     | Reached XP level 11. HP: 66/110 MP: 19/19
 11024 | D:11     | Noticed a two-headed ogre
 11028 | D:11     | Killed a two-headed ogre
 11053 | D:11     | Noticed Snorg
 11068 | D:11     | Killed Snorg
 11590 | D:12     | Found a staircase to the Orcish Mines.
 11613 | D:12     | Reached skill level 14 in Stealth
 11919 | Lair:1   | Entered Level 1 of the Lair of Beasts
 11948 | Lair:1   | Acquired 718 gold pieces
 11949 | Lair:1   | Acquired 1047 gold pieces
 12627 | Lair:1   | Reached skill level 10 in Short Blades
 12667 | Lair:1   | Noticed a six-headed hydra
 12681 | Lair:1   | Killed a six-headed hydra
 12682 | Lair:1   | Reached XP level 12. HP: 51/123 MP: 22/22
 12895 | Lair:1   | Noticed a dire elephant
 13752 | Lair:1   | Reached skill level 15 in Stealth
 14244 | Lair:2   | Found a frozen archway.
 14250 | IceCv    | Entered an ice cave
 14866 | IceCv    | Learned a level 5 spell: Silence
 15415 | IceCv    | Noticed a reaper
 15640 | IceCv    | Killed a reaper
 15643 | IceCv    | Identified the +0 ring mail of Activism {MP+9 Int-2 Dex+3
                  | Stlth+}
 16316 | Lair:2   | Reached skill level 16 in Stealth
 16318 | Lair:2   | Slain by a death yak

Illustrated notes

Levels and vault maps discovered:
D:1:      ncdulo_halloftheorcs, layout_rooms
D:2:      layout_rooms, chequers_serial_rivers_micro_b,
          kennysheep_generic_room_5, uniq_natasha, uniq_terence
D:3:      layout_basic, grunt_gozag_breadcrumbs,
          mainiacjoe_overflow_six_doors_small, lemuel_coloured_pillars_altar,
          ebering_ghost_rock_garden, uniq_ijyb
D:4:      layout_basic, mainiacjoe_overflow_cross_hatched,
          kennysheep_generic_room_7
D:5:      layout_cave_pools, mainiacjoe_overflow_alcove_1,
          mainiacjoe_overflow_24_doors
D:6:      layout_loops_cross, portal_sewer_entry_d, uniq_eustachio,
          uniq_menkaure
D:7:      layout_basic, fedhas_altar_decomposition, temple_hall, serial_shops,
          nicolae_shop_just_a_little_nook
D:8:      layout_basic, lemuel_crystal_altar,
          nicolae_wu_jian_immortal_techniques, amcnicky_altar_gilded,
          uniq_maurice
D:9:      layout_small_grid, erik_lair_island, enter_bailey_3,
          chequers_mini_garden, uniq_erolcha
D:10:     layout_loops_ring, kennysheep_mini_moat, amcnicky_mini_pool_small
D:11:     layout_cave_pools, uniq_snorg
D:12:     minmay_connected_triangles_in_corner, layout_basic, orc_0_dummy,
          uniq_kirke, uniq_azrael, uniq_frances
Lair:1:   layout_layer_cave, nicolae_lair_lakeside_cave
Lair:2:   layout_roguey, skrybe_swamp_entry_bodies, portal_ice_cave_rime,
          minivault_25, uniq_harold

Skill      XL: |  1  2  3  4  5  6  7  8  9 10 11 12 |
---------------+-------------------------------------+-----
Short Blades   | 2 7 8 10 | 10.0
Fighting       | 1 5 6 7 8 9 |  9.5
Stealth        | 5 9 10 11 12 13 14 16 | 16.0
Hexes          | 8 9 10 11 | 11.7
Ice Magic      | 1 2 3 |  3.0
Evocations     | 1 2 4 5 |  5.5
Dodging        | 2 3 |  3.6
Spellcasting   | 3 4 5 7 8 |  8.2
Conjurations   | 1 3 4 |  4.4

Action                     |  1- 3 |  4- 6 |  7- 9 | 10-12 || total
---------------------------+-------+-------+-------+-------++-------
  Melee: Dagger            |    82 |    80 |   509 |   194 ||   865
         Punch             |       |       |     8 |     1 ||     9
         Short sword       |       |       |       |   502 ||   502
   Cast: Ensorcelled Hiber |       |    20 |    58 |   107 ||   185
         Confusing Touch   |       |     1 |    12 |    26 ||    39
         Tukima's Dance    |       |       |     8 |       ||     8
         Dazzling Flash    |       |       |     8 |    21 ||    29
 Invoke: Sacrifice Durabil |       |       |     1 |       ||     1
         Sacrifice Experie |       |       |     1 |       ||     1
         Reject Sacrifices |       |       |       |     2 ||     2
         Sacrifice a Hand  |       |       |       |     1 ||     1
         Draw Out Power    |       |       |       |     3 ||     3
         Apocalypse        |       |       |       |     1 ||     1
Ability: Spit Poison       |    27 |    14 |     4 |     2 ||    47
  Evoke: Wand              |       |       |     1 |    19 ||    20
    Use: Potion            |       |     3 |     6 |     8 ||    17
         Scroll            |       |     6 |    11 |    14 ||    31
   Stab: Sleeping          |     2 |    17 |    71 |    85 ||   175
         Distracted        |       |     1 |     1 |     4 ||     6
         Confused          |       |       |     9 |    17 ||    26
         Invisible         |       |       |    12 |    30 ||    42
         Paralysed         |       |       |       |     4 ||     4
 Armour: Robe              |     3 |    11 |    71 |   249 ||   334
         Skin              |       |       |    36 |       ||    36
  Dodge: Dodged            |    60 |    63 |   279 |   220 ||   622
  Block: Other             |       |       |    27 |   111 ||   138
         Reflection        |       |       |       |     2 ||     2
